 Dungeon Crawl Stone Soup version 0.25.1-2-g60ff931df9 (webtiles) character file.

Game seed: 14723527274328875597

301 hawla the Chopper (level 6, 0/53 HPs)
             Began as a Hill Orc Monk on Oct 15, 2020.
             Was a Believer of Beogh.
             Slain by an orc wizard
             ... wielding a +0 dagger
              (4 damage)
             ... on level 4 of the Dungeon.
             The game lasted 00:10:41 (4052 turns).

hawla the Chopper (Hill Orc Monk)                   Turns: 4052, Time: 00:10:41

Health: 0/53       AC:  4    Str: 16    XL:     6   Next: 37%
Magic:  6/6        EV: 13    Int: 10    God:    Beogh [**....]
Gold:   430        SH:  0    Dex: 13    Spells: 5/5 levels left

rFire    . . .     SeeInvis .   a - +1 hand axe
rCold    . . .     Gourm    .   (no shield)
rNeg     . . .     Faith    .   f - +1 leather armour
rPois    .         Spirit   .   (no helmet)
rElec    .         Reflect  .   (no cloak)
rCorr    .         Harm     .   (no gloves)
MR       .....                  (no boots)
Stlth    +.........             (no amulet)
HPRegen  0.17/turn              (no ring)
MPRegen  0.10/turn              (no ring)

@: confused
A: no striking features
a: Smiting, Renounce Religion


You were on level 4 of the Dungeon.
You worshipped Beogh.
Beogh was pleased with you.
You were not hungry.

You visited 1 branch of the dungeon, and saw 4 of its levels.
You also visited: Ossuary.

You collected 430 gold pieces.

Inventory:

Hand Weapons
 a - a +1 hand axe (weapon)
Missiles
 n - 2 boomerangs (quivered)
Armour
 f - a +1 leather armour (worn)
 j - a +0 scale mail
Wands
 p - a wand of random effects (16)
Scrolls
 d - 9 scrolls of identify
 g - 4 scrolls of remove curse
 h - a scroll of summoning {unknown}
 r - a scroll of magic mapping {unknown}
Potions
 b - 3 potions of curing
 e - a potion of invisibility {unknown}
 k - a potion of heal wounds
 l - a potion of mutation {unknown}
 m - 3 potions of degeneration {unknown}
 o - 2 potions of might {unknown}
 q - a potion of flight {unknown}
Comestibles
 c - 4 rations


   Skills:
 + Level 4.6 Fighting
 + Level 6.7 Axes
 + Level 1.0 Throwing
 + Level 2.6 Armour
 + Level 3.1 Dodging
 - Level 1.5 Stealth
 + Level 0.3 Evocations


You had 5 spell levels left.
You didn't know any spells.
Your spell library was empty.

Dungeon Overview and Level Annotations

Branches:
Dungeon (4/15)            Ossuary (visited)
 Temple: D:4-7

Altars:
Hepliaklqana
Nemelex Xobeh
Xom


Message History

The leopard gecko skeleton barely misses you.
The orc wizard hits you with a +0 dagger.
* * * LOW HITPOINT WARNING * * *
Something hits you.
* * * LOW HITPOINT WARNING * * *
You hit the orc wizard.
The orc wizard is moderately wounded.
You barely miss the leopard gecko skeleton.
You miss something.
The leopard gecko skeleton bites you but does no damage.
The orc wizard closely misses you.
You hear some strange, mumbled words.
You are confused.
Evoke which item? (* to show all) (? for menu, Esc to quit)
You're too confused!
You bump into the stone wall.
The leopard gecko skeleton barely misses you.
The orc wizard barely misses you. Something hits you.
You die...
Beogh appreciates something's killing of a heretic priest.

≈≈ ..%....... .## .≈.
........ ...#
≈≈≈≈...>...### ...#
♣≈≈##....##@## ....#
♣≈≈.....##{oZ##...#.
≈≈≈♣♣♣≈≈......##W##......
≈≈≈≈≈≈≈≈.#.....##'.....#
..≈≈.l≈.........#......#
#....#................#
#............#..?...... .
#............##..##....
..##...............# #...


You could see a phantom, an orc wizard and a leopard gecko skeleton.

Vanquished Creatures
  A crimson imp (D:3)
  An orc priest (D:4)
  An orc wizard (D:4)
  8 mummies (Ossuary)
  2 adders (D:2)
  An ooze (D:1)
  3 worms
  2 dart slugs (D:1)
  2 leopard geckos
  4 orcs
  A ball python (D:3)
  2 bats
  7 giant cockroaches
  A gnoll zombie (Ossuary)
  7 goblins
  6 hobgoblins
  4 jackals (D:1)
  2 quokkas (D:4)
  3 frilled lizards
  3 hobgoblin zombies (Ossuary)
  A jackal skeleton (D:3)
  7 kobolds
  3 kobold zombies (Ossuary)
  An orc zombie (Ossuary)
  4 rats
77 creatures vanquished.

Notes
Turn   | Place    | Note
-------+----------+-------------------------------------------
     0 | D:1      | hawla the Hill Orc Monk began the quest for the Orb.
     0 | D:1      | Reached XP level 1. HP: 19/19 MP: 1/1
   219 | D:1      | Reached XP level 2. HP: 19/27 MP: 2/2
   942 | D:1      | Reached XP level 3. HP: 26/33 MP: 3/3
  1226 | D:2      | Found a hazy altar of Hepliaklqana.
  1235 | D:2      | Found a sparkling altar of Nemelex Xobeh.
  1365 | D:2      | Reached skill level 5 in Axes
  2092 | D:3      | Reached XP level 4. HP: 40/40 MP: 4/4
  2485 | D:3      | Reached skill level 1 in Armour
  2660 | D:3      | Reached XP level 5. HP: 37/47 MP: 5/5
  2850 | D:3      | Found a shimmering altar of Xom.
  3235 | D:4      | Noticed a phantom
  3345 | D:4      | Reached skill level 6 in Axes
  3381 | D:4      | Became a worshipper of Beogh the Brigand
  3381 | D:4      | Reached * piety under Beogh
  3381 | D:4      | Reached ** piety under Beogh
  3434 | D:4      | Found a sand-covered staircase.
  3440 | Ossuary  | Entered an ossuary
  3607 | Ossuary  | Reached XP level 6. HP: 3/53 MP: 6/6
  4046 | D:4      | Reached skill level 1 in Throwing
  4052 | D:4      | Slain by an orc wizard

Illustrated notes

Levels and vault maps discovered:
D:1:      dpeg_arrival_boxorama, layout_loops_ring
D:2:      layout_rooms, nicolae_overflow_crystal_walls, minmay_fountain_box,
          nemelex_lonely_heart_becter
D:3:      layout_loops_ring, xom_butterflies, first_ration
D:4:      layout_cave_pools, temple_doors_ab, enter_ossuary_5,
          minmay_hedge_maze, kennysheep_boxes, uniq_duvessa,
          uniq_crazy_yiuf_cottage

Skill      XL: |  1  2  3  4  5  6 |
---------------+-------------------+-----
Fighting       | 4 |  4.6
Axes           | 5 6 |  6.7
Armour         | 1 2 |  2.6
Dodging        | 3 |  3.1
Throwing       | 1 |  1.0
Stealth        | |  1.5
Evocations     | |  0.3

Action                   |  1- 3 |  4- 6 || total
-------------------------+-------+-------++-------
Melee: Hand axe          |   109 |   172 ||   281
Throw: Boomerang         |       |    28 ||    28
Invok: Convert to Beogh  |       |     1 ||     1
Evoke: Wand              |       |    13 ||    13
  Use: Scroll            |     4 |     7 ||    11
       Potion            |       |     2 ||     2
 Stab: Sleeping          |     2 |     1 ||     3
       Paralysed         |       |     1 ||     1
  Eat: Chunk             |     4 |     3 ||     7
       Ration            |       |     1 ||     1
Armor: Robe              |    14 |       ||    14
       Leather armour    |    11 |    49 ||    60
Dodge: Dodged            |    96 |   121 ||   217
